 Dungeon Crawl Stone Soup version 0.31-a0-1-g4198be8af4 (webtiles) character file.

Game seed: 13605617899863678775

3356 greasedhog the Skirmisher (level 10, -9/74 HPs)
             Began as a Formicid Hunter on May 1, 2023.
             Was a Follower of Okawaru.
             Mangled by a two-headed ogre
             ... wielding a +0 giant club
              (16 damage)
             ... on level 8 of the Dungeon.
             The game lasted 00:12:39 (8232 turns).

greasedhog the Skirmisher (Formicid Hunter)         Turns: 8232, Time: 00:12:40

Health: -9/74      AC:  7    Str: 15    XL:     10   Next: 23%
Magic:  10/10      EV: 14    Int: 10    God:    Okawaru [*.....]
Gold:   667        SH:  6    Dex: 21    Spells: 9/9 levels left

rFire   . . .        a - +0 shortbow
rCold   . . .        y - +0 buckler
rNeg    . . .        c - +0 leather armour
rPois   +            (helmet unavailable)
rElec   .            (no cloak)
rCorr   .            (no gloves)
SInv    +            (no boots)
Will    +....        (no amulet)
Stlth   ++           i - +4 ring of protection
HPRegen 0.32/turn    A - ring of poison resistance
MPRegen 0.12/turn

%: no passive effects
@: no status effects
A: permanent stasis, dig shafts and tunnels, antennae 3, four strong arms
a: Dig, Shaft Self, Renounce Religion, Heroism


You were on level 8 of the Dungeon.
You worshipped Okawaru.
Okawaru was aware of your devotion.
You visited 2 branches of the dungeon, and saw 9 of its levels.
You also visited: Sewer and Ossuary.

You collected 711 gold pieces.
You spent 44 gold pieces at shops.

Inventory:

Hand Weapons
 a - a +0 shortbow (weapon)
Armour
 c - a +0 leather armour (worn)
 y - a +0 buckler (worn)
Jewellery
 i - a +4 ring of protection (left hand)
 m - an amulet of guardian spirit
 w - a ring of flight
 z - an amulet of reflection
 A - a ring of poison resistance (right hand)
 B - a +6 ring of intelligence
 C - a ring of positive energy
Wands
 e - a wand of polymorph (12)
Scrolls
 b - 3 scrolls of immolation
 d - 4 scrolls of amnesia
 g - 2 scrolls of fog
 j - 3 scrolls of fear {unknown}
 q - a scroll of enchant weapon {unknown}
 s - a scroll of poison {unknown}
 v - a scroll of magic mapping {unknown}
 x - 3 scrolls of teleportation {unknown}
Potions
 f - 2 potions of resistance
 h - 2 potions of heal wounds
 k - a potion of flight {unknown}
 n - 3 potions of brilliance {unknown}
 o - a potion of lignification {unknown}
 p - 2 potions of berserk rage {unknown}
 r - 2 potions of magic {unknown}
 t - 2 potions of might
 u - 5 potions of curing {unknown}


   Skills:
 - Level 5.0 Fighting
 * Level 12.0 Ranged Weapons
 - Level 3.0 Armour
 - Level 5.0 Dodging
 - Level 1.2 Stealth
 + Level 3.9 Shields


You had 9 spell levels left.
You didn't know any spells.
Your spell library contained the following spells:

 Spells                   Type           Power      Damage    Failure   Level
 Inner Flame              Hex/Fire       0%         N/A       88%         3
 Portal Projectile        Hex/Tloc       0%         N/A       88%         3
 Flame Wave               Conj/Fire      0%         2d4       99%         4
 Sticky Flame             Conj/Fire      0%         2d3       99%         4
 Blade Hands              Tmut           0%         N/A       100%        5
 Tukima's Dance           Hex            Unusable   N/A       N/A         3

Dungeon Overview and Level Annotations

Branches:
Dungeon (8/15)             Temple (1/1) D:7            Lair (0/5) D:8
  Sewer (visited)         Ossuary (visited)

Altars:
Ashenzari
Cheibriados
Dithmenos
Elyvilon
Fedhas
Gozag
Hepliaklqana
Kikubaaqudgha
Makhleb
Nemelex Xobeh
Okawaru
Qazlal
Ru
Sif Muna
Trog
Uskayaw
Vehumet
Wu Jian
Xom
Zin
The Shining One

Shops:
D:1 =?:[   D:6 =


Innate Abilities, Weirdness & Mutations

You cannot be hasted, slowed, berserked, paralysed or teleported.
You can dig through walls and to a lower floor.
You have a pair of large antennae on your head. (SInv)
Your four strong arms can wield two-handed weapons with a shield.


Message History

Press: ? - help, Q - select action, (/) - cycle Shift-Dir - straight line, f/p - two-headed ogre
Aim: a two-headed ogre, wielding a +0 giant club and a +0 giant spiked club (heavily wounded, 81% to hit)
You shoot an arrow. The arrow hits the two-headed ogre!
The two-headed ogre is severely wounded.
Fire: a) +0 shortbow
Press: ? - help, Q - select action, (/) - cycle Shift-Dir - straight line, f/p - two-headed ogre
Aim: a two-headed ogre, wielding a +0 giant club and a +0 giant spiked club (severely wounded, 81% to hit)
You shoot an arrow.
The arrow hits the two-headed ogre but does no damage.
The two-headed ogre is severely wounded.
The two-headed ogre misses you.
The two-headed ogre hits you with a +0 giant spiked club!
Fire: a) +0 shortbow
Press: ? - help, Q - select action, (/) - cycle Shift-Dir - straight line, f/p - two-headed ogre
Aim: a two-headed ogre, wielding a +0 giant club and a +0 giant spiked club (severely wounded, 81% to hit)
You shoot an arrow.
The arrow barely misses the two-headed ogre.
The two-headed ogre closely misses you.
The two-headed ogre hits you with a +0 giant spiked club!
* * * LOW HITPOINT WARNING * * *
Fire: a) +0 shortbow
Press: ? - help, Q - select action, (/) - cycle Shift-Dir - straight line, f/p - two-headed ogre
Aim: a two-headed ogre, wielding a +0 giant club and a +0 giant spiked club (severely wounded, 81% to hit)
You shoot an arrow. The arrow hits the two-headed ogre!
The two-headed ogre is almost dead.
Fire: a) +0 shortbow
Press: ? - help, Q - select action, (/) - cycle Shift-Dir - straight line, f/p - two-headed ogre
Aim: a two-headed ogre, wielding a +0 giant club and a +0 giant spiked club (almost dead, 81% to hit)
You shoot an arrow.
The arrow barely misses the two-headed ogre.
The two-headed ogre barely misses you.
The two-headed ogre hits you with a +0 giant spiked club!
* * * LOW HITPOINT WARNING * * *
Fire: a) +0 shortbow
Press: ? - help, Q - select action, (/) - cycle Shift-Dir - straight line, f/p - two-headed ogre
Aim: a two-headed ogre, wielding a +0 giant club and a +0 giant spiked club (almost dead, 81% to hit)
You shoot an arrow.
The arrow barely misses the two-headed ogre.
The two-headed ogre hits you with a +0 giant club!
You die...

#.#^####.##.# #.#######
#.........#.# #.# #...####..#.#
#.# #...# #..#.# #.#
#...####..#.# #.# #...#.....#.#
#.####### #####...#.###.#.#
#.##..... #######.........>...#.#
#.##.....
#........##.#.#O@.###.###.##.....
#.........<...#..................
#.........O.#.#..####.###....#.##
#######'#.....#.......# #.......#
##.#..##.#...##### #.#..#..#
#........#>..# #.#<.#..#
######..#.#.###...# #....#..#
........#.........# #..#.....
.#####.####.####..# #..#.....


You could see a two-headed ogre.

Vanquished Creatures
  Joseph (D:7)
  A wyvern (D:7)
  3 steam dragons
  Menkaure (D:7)
  Edmund (D:5)
  3 water moccasins
  A black bear (D:5)
  2 orc warriors (D:7)
  3 ice beasts
  An ogre (D:4)
  A centaur (D:8)
  A kobold brigand (D:8)
  2 bullfrogs (Sewer)
  4 scorpions
  5 hounds (D:5)
  A jelly (D:4)
  4 orc priests
  Jessica (D:2)
  2 iguanas
  4 orc wizards
  8 mummies (Ossuary)
  4 gnolls
  A river rat (D:6)
  13 adders
  3 white imps (D:6)
  An ufetubus (D:6)
  A worm (D:3)
  23 orcs
  5 endoplasms
  6 giant cockroaches
  A gnoll zombie (Ossuary)
  11 goblins
  6 hobgoblins
  10 kobolds
  6 quokkas
  14 ball pythons
  6 bats
  7 frilled lizards
  3 hobgoblin zombies (Ossuary)
  A jackal zombie (D:5)
  3 kobold zombies (Ossuary)
  An orc zombie (Ossuary)
  6 rats
182 creatures vanquished.

Vanquished Creatures (others)
  A human (D:4)
1 creature vanquished.

Grand Total: 183 creatures vanquished

Notes
Turn   | Place    | Note
-------+----------+-------------------------------------------
     0 | D:1      | greasedhog the Formicid Hunter began the quest for the Orb.
     0 | D:1      | Reached XP level 1. HP: 16/16 MP: 1/1
    20 | D:1      | Found Tycumu's Book Boutique.
   178 | D:1      | Found Niasef's Jewellery Shoppe.
   184 | D:1      | Reached XP level 2. HP: 23/23 MP: 2/2
   300 | D:1      | Found Paotrule's Armour Boutique.
   399 | D:1      | Found Foxuonn's Magic Scroll Emporium.
   402 | D:1      | Bought a scroll of identify for 22 gold pieces
   402 | D:1      | Bought a scroll of identify for 22 gold pieces
   589 | D:1      | Reached XP level 3. HP: 28/28 MP: 3/3
   643 | D:2      | Noticed Jessica
   644 | D:2      | Killed Jessica
   645 | D:2      | Reached XP level 4. HP: 35/35 MP: 4/4
   688 | D:2      | Reached skill level 5 in Ranged Weapons
   798 | D:2      | Found a blossoming altar of Fedhas.
   841 | D:2      | Found a faded altar of an unknown god.
  1551 | D:3      | Reached XP level 5. HP: 41/41 MP: 5/5
  1702 | D:3      | Found a shadowy altar of Dithmenos.
  2143 | D:4      | Reached skill level 6 in Ranged Weapons
  2143 | D:4      | Reached XP level 6. HP: 48/48 MP: 6/6
  2227 | D:4      | Found an ancient bone altar of Kikubaaqudgha.
  2302 | D:4      | Noticed an ogre
  2307 | D:4      | Killed an ogre
  2349 | D:4      | Noticed a human
  2350 | D:4      | Killed a human
  2407 | D:4      | Reached XP level 7. HP: 55/55 MP: 7/7
  2609 | D:5      | Entered Level 5 of the Dungeon
  2613 | D:5      | Reached skill level 7 in Ranged Weapons
  2626 | D:5      | Reached skill level 5 in Fighting
  2766 | D:5      | Found a sand-covered staircase.
  2796 | D:5      | Reached skill level 1 in Armour
  2808 | Ossuary  | Entered an ossuary
  2858 | Ossuary  | Reached XP level 8. HP: 17/62 MP: 8/8
  3041 | Ossuary  | Reached skill level 8 in Ranged Weapons
  3257 | D:5      | Found a shimmering altar of Xom.
  3636 | D:5      | Noticed Edmund
  3651 | D:5      | Killed Edmund
  3652 | D:5      | Reached skill level 9 in Ranged Weapons
  3879 | D:5      | Found a radiant altar of Vehumet.
  4468 | D:6      | Reached XP level 9. HP: 68/68 MP: 9/9
  4485 | D:6      | Found Vuxax's Jewellery Emporium.
  4619 | D:6      | Found a glowing drain.
  4631 | Sewer    | Entered a sewer
  4985 | D:6      | Reached skill level 10 in Ranged Weapons
  5290 | D:6      | Found a burning altar of Makhleb.
  5726 | D:6      | Found a sparkling altar of Nemelex Xobeh.
  5800 | D:7      | Found a staircase to the Ecumenical Temple.
  5837 | Temple   | Entered the Ecumenical Temple
  6034 | Temple   | Became a worshipper of Warmaster Okawaru
  6121 | D:7      | Noticed Joseph
  6122 | D:7      | Found an opulent altar of Gozag.
  6131 | D:7      | Killed Joseph
  6131 | D:7      | Reached * piety under Okawaru
  6256 | D:7      | Reached skill level 11 in Ranged Weapons
  6283 | D:7      | Noticed Menkaure
  6294 | D:7      | Killed Menkaure
  6295 | D:7      | Reached skill level 5 in Dodging
  6598 | D:7      | Reached skill level 1 in Shields
  6756 | D:7      | Found a sacrificial altar of Ru.
  6927 | D:7      | Reached XP level 10. HP: 34/74 MP: 10/10
  7402 | D:8      | Found a broken altar of Ashenzari.
  7450 | D:8      | Found a hazy altar of Hepliaklqana.
  7472 | D:8      | Found a staircase to the Lair.
  7688 | D:8      | Reached ** piety under Okawaru
  7689 | D:8      | Reached skill level 12 in Ranged Weapons
  7830 | D:8      | Noticed a two-headed ogre
  8232 | D:8      | Mangled by a two-headed ogre

Illustrated notes

Levels and vault maps discovered:
D:1:      mrwooster_arrival_statue_3, layout_basic, serial_shops, shop,
          nicolae_shop_gaudy_bauble, nicolae_book_shop_shelving,
          nicolae_shop_rolled_up, minmay_misc_feat_room
D:2:      layout_loops_ring, hellmonk_ecumenical_altar_prayer_group,
          basic_altar, uniq_jessica
D:3:      layout_loops_ring, grunt_dithmenos_smoke_and_mirrors,
          minmay_splitting_lines
D:4:      layout_cave_pools, tgw_kikubaaqudgha
D:5:      layout_rooms, mainiacjoe_overflow_concentric_impassable,
          mainiacjoe_overflow_24_doors, enter_ossuary_3, lemuel_flame_loot_1,
          uniq_edmund
D:6:      layout_basic, mainiacjoe_overflow_brackets, overflow_temple_1_default,
          serial_shops, shop, portal_sewer_entry_e
D:7:      layout_rooms, grunt_gozag_statues, nicolae_ru_awakened_eye,
          minmay_temple_entry_mist, ebering_dispersal_statue_hall, minivault_5,
          roderic_three_in_a_row, corner_web_ring, uniq_joseph, uniq_menkaure
D:8:      layout_basic, mainiacjoe_overflow_tiny_flanked, old_standard_altar,
          lair_entry_dummy
Temple:   grunt_temple_mini_profane

Skill      XL: |  1  2  3  4  5  6  7  8  9 10 |
---------------+-------------------------------+-----
Fighting       | 3 4 5 |  5.0
Ranged Weapons | 5 6 7 9 11 12 | 12.0
Armour         | 2 3 |  3.0
Dodging        | 3 5 |  5.0
Shields        | 1 3 |  3.9
Stealth        | |  1.2

Action                     |  1- 3 |  4- 6 |  7- 9 | 10-12 || total
---------------------------+-------+-------+-------+-------++-------
   Fire: Shortbow          |    42 |   157 |   396 |   105 ||   700
Ability: Dig               |       |     1 |       |       ||     1
  Evoke: Wand              |       |       |     6 |     2 ||     8
    Use: Scroll            |     4 |     2 |     3 |       ||     9
 Armour: Leather armour    |     1 |    33 |    53 |     7 ||    94
  Dodge: Dodged            |     6 |    70 |   120 |    35 ||   231
  Block: Buckler           |       |       |     5 |    16 ||    21

Table legend: (Time is in decaauts)
 A = Elapsed time spent in this place.
 B = Non-inter-level travel time spent in this place.
 C = Inter-level travel time spent in this place.
 D = Time resting spent in this place.
 E = Time spent auto-exploring this place.
 F = Levels seen in this place.
 G = Mean time per level.
                   A        B        C        D        E       F      G
               +--------+--------+--------+--------+--------+-----+--------+
         Total |   8359 |   8076 |    283 |   1282 |   5317 |  11 |  759.9 |
       Dungeon |   7376 |   7139 |    237 |   1110 |   4839 |   8 |  922.0 |
        Temple |    223 |    177 |     46 |      0 |    170 |   1 |  223.0 |
         Sewer |    344 |    344 |      0 |     27 |    180 |   1 |  344.0 |
       Ossuary |    415 |    415 |      0 |    145 |    127 |   1 |  415.0 |
               +--------+--------+--------+--------+--------+-----+--------+

Top non-repeatable levels by time:
     D:5: 1320 daAuts
     D:7: 1311 daAuts
     D:6: 1108 daAuts
     D:8: 935 daAuts
     D:3: 823 daAuts
     D:2: 647 daAuts
     D:1: 636 daAuts
     D:4: 594 daAuts
 Ossuary: 415 daAuts
   Sewer: 344 daAuts
  Temple: 223 daAuts
